AoeStats
← Fighter

Black Forest

507130077Analyzed
4v4 RM · 15d ago on Sep 16, 2026· 83m 8s· 8 players
Game mode
Random Map
Map size
Large (8 player)
Population
200
Speed
Normal
Resources
Standard
Victory
Conquest
Starting age
Dark Age
Ending age
Imperial Age
RankedLock teamsTeams togetherTeam positionsShared explorationLock speedFull tech treeHidden civsTurbo modeCheats
Victory
Defeat
🇦🇷 Khmer · Argentina
1144
+12
🇦🇷 Celts · Argentina
1019
+17
🇦🇷 Romans · Argentina
981
+18
🇦🇷 Mongols · Argentina
976
+18
🇫🇷 Slavs · France
1052
-17
🇧🇪 Goths · Belgium
1038
-16
🇩🇪 Jurchens · Germany
1026
-16
🇦🇹 Vietnamese · Austria
1021
-16
Praetor
2:17 Loom
14:27 Feudal Age
14:56 Horse Collar
19:47 Castle Age
21:38 Gold Mining
22:28 Fletching
22:41 Double-Bit Axe
25:11 Heavy Plow
30:29 Wheelbarrow
29:40 Town Watch
30:53 Hand Cart
30:47 Bodkin Arrow
34:48 Imperial Age
33:05 Stone Mining
33:47 Bloodlines
33:38 Husbandry
34:37 Bow Saw
34:52 Scale Barding Armor
34:58 Forging
35:15 Town Patrol
35:55 Chatras
37:05 Onager
46:11 Pikeman
47:56 Two-Man Saw
47:31 Paper Money
48:43 Halberdier
rudi.pollet.ci
0:38 Loom
13:51 Feudal Age
17:28 Double-Bit Axe
20:12 Castle Age
18:09 Stone Mining
18:03 Horse Collar
18:30 Gold Mining
20:05 Fletching
20:22 Scale Mail Armor
21:15 Wheelbarrow
29:37 Bow Saw
30:13 Forging
29:55 Man-at-Arms
30:57 Pikeman
31:07 Long Swordsman
35:08 Imperial Age
34:49 Heavy Plow
35:42 Iron Casting
35:23 Chain Mail Armor
35:00 Fletching
35:12 Two-Handed Swordsman
35:14 Halberdier
36:18 Onager
39:07 Chemistry
37:57 Siege Onager
39:18 Champion
41:24 Siege Engineers
Fighter
2:21 Loom
5:10 Loom
12:50 Feudal Age
15:02 Wheelbarrow
14:09 Horse Collar
14:16 Double-Bit Axe
18:07 Castle Age
17:14 Gold Mining
19:08 Hand Cart
19:33 Bow Saw
21:57 Heavy Plow
23:33 Pikeman
24:27 Forging
25:15 Scale Mail Armor
29:23 Husbandry
29:47 Murder Holes
29:33 Treadmill Crane
30:23 Fortified Bastions
30:13 Town Watch
32:54 Iron Casting
32:10 Fletching
32:19 Murder Holes
32:29 Stone Mining
33:31 Scale Barding Armor
36:47 Imperial Age
34:55 Bodkin Arrow
34:34 Pikeman
35:43 Chain Mail Armor
35:33 Elite Skirmisher
36:43 Chain Barding Armor
37:59 Conscription
37:05 Elite Iron Pagoda
38:56 Gold Shaft Mining
39:44 Blast Furnace
41:36 Chemistry
41:00 Ballistics
41:43 Plate Barding Armor
42:39 Hoardings
42:45 Hoardings
42:38 Elite Iron Pagoda
43:28 Halberdier
44:36 Heavy Rocket Cart
45:43 Bloodlines
44:53 Light Cavalry
46:48 Crop Rotation
46:55 Imperial Skirmisher
49:20 Squires
52:19 Hussar
59:59 Arson
63:20 Masonry
63:16 Siege Engineers
BacchusThor
1:10 Loom
13:00 Feudal Age
15:31 Horse Collar
15:40 Double-Bit Axe
18:38 Castle Age
18:37 Wheelbarrow
20:01 Caravan
20:18 Gold Mining
21:10 Heavy Plow
23:28 Man-at-Arms
24:09 Squires
24:27 Long Swordsman
27:15 Hand Cart
30:22 Fletching
30:34 Scale Mail Armor
32:59 Elite Skirmisher
37:50 Bodkin Arrow
50:44 Imperial Age
julitom21
0:28 Loom
10:57 Feudal Age
11:49 Horse Collar
18:50 Castle Age
20:30 Fletching
22:31 Husbandry
23:50 Bloodlines
26:03 Ballistics
26:25 Bodkin Arrow
26:56 Double-Bit Axe
28:40 Town Watch
30:50 Heavy Plow
31:29 Wheelbarrow
31:42 Gold Mining
31:42 Stone Mining
32:11 Masonry
39:42 Imperial Age
37:29 Hand Cart
37:14 Town Patrol
37:38 Scale Barding Armor
37:44 Forging
37:35 Padded Archer Armor
38:39 Stone Shaft Mining
38:40 Gold Shaft Mining
38:25 Light Cavalry
39:50 Bow Saw
40:12 Caravan
40:05 Heavy Camel Rider
40:10 Elite Steppe Lancer
40:45 Capped Ram
42:40 Conscription
42:41 Drill
43:28 Heavy Camel Rider
45:04 Siege Ram
46:50 Nomads
48:51 Chain Barding Armor
48:32 Bracer
51:47 Iron Casting
51:29 Leather Archer Armor
WWPKIMI
0:28 Loom
2:18 Loom
11:58 Feudal Age
13:05 Horse Collar
13:14 Double-Bit Axe
18:47 Castle Age
18:32 Wheelbarrow
19:05 Forging
18:55 Scale Mail Armor
18:55 Padded Archer Armor
18:45 Fletching
24:09 Gold Mining
26:40 Heavy Plow
28:50 Hand Cart
28:57 Caravan
30:07 Gold Shaft Mining
29:25 Stone Mining
31:22 Stone Shaft Mining
32:00 Murder Holes
32:26 Ballistics
34:47 Imperial Age
34:52 Bodkin Arrow
35:11 Fortified Wall
34:45 Treadmill Crane
35:15 Masonry
35:22 Bow Saw
35:08 Onager
35:10 Capped Ram
37:28 Iron Casting
37:08 Leather Archer Armor
36:59 Scale Barding Armor
37:10 Chain Mail Armor
37:59 Chemistry
37:05 Siege Engineers
39:39 Blast Furnace
38:09 Siege Ram
39:28 Stronghold
39:50 Furor Celtica
40:14 Town Watch
41:06 Husbandry
40:27 Cavalier
40:50 Siege Onager
41:49 Gambesons
41:49 Arson
45:59 Ring Archer Armor
44:52 Paladin
44:54 Light Cavalry
47:15 Heavy Scorpion
53:09 Plate Mail Armor
53:00 Chain Barding Armor
53:00 Fortified Wall
52:43 Guard Tower
52:39 Arrowslits
64:33 Heated Shot
65:20 Keep
64:57 Clinker Construction
64:57 Careening
65:07 Shipwright
65:23 Coinage
65:03 Guilds
65:24 Coinage
Trazo :D
6:17 Loom
14:05 Feudal Age
15:00 Double-Bit Axe
19:18 Castle Age
17:08 Horse Collar
17:36 Stone Mining
17:39 Gold Mining
25:01 Gold Shaft Mining
24:36 Caravan
28:31 Heavy Plow
28:45 Fortified Wall
28:31 Murder Holes
29:12 Bow Saw
30:55 Wheelbarrow
30:12 Town Watch
32:48 Hand Cart
33:05 Ballistas
38:06 Imperial Age
36:41 Town Patrol
38:38 Forging
38:34 Scale Barding Armor
38:30 Padded Archer Armor
38:20 Fletching
38:31 Scale Mail Armor
39:01 Ballistics
38:52 Masonry
38:08 Pikeman
38:52 Squires
38:17 Heavy Scorpion
38:54 Capped Ram
40:22 Halberdier
45:13 Conscription
47:10 Elite Centurion
48:28 Chain Mail Armor
48:49 Iron Casting
48:34 Chain Barding Armor
48:10 Bodkin Arrow
48:31 Leather Archer Armor
49:57 Chemistry
52:54 Comitatenses
57:46 Plate Barding Armor
58:12 Blast Furnace
62:34 Ring Archer Armor
66:56 Architecture
69:39 Siege Ram
72:52 Spies/Treason
76:50 Onager
Juanchi
0:51 Loom
13:49 Feudal Age
16:32 Castle Age
14:13 Horse Collar
15:37 Double-Bit Axe
20:49 Gold Mining
24:50 Stone Mining
25:36 Gold Shaft Mining
25:17 Bow Saw
25:13 Heavy Plow
27:05 Caravan
33:50 Fervor
36:51 Imperial Age
34:57 Wheelbarrow
35:41 Stone Shaft Mining
37:32 Hand Cart
37:06 Town Watch
38:08 Crop Rotation
37:42 Double Crossbow
38:45 Chemistry
37:13 Heavy Scorpion
41:04 Bloodlines
40:54 Husbandry
41:06 Forging
41:01 Scale Barding Armor
41:18 Conscription
40:59 Tusk Swords
41:30 Padded Archer Armor
41:22 Fletching
40:56 Elite Battle Elephant
41:14 Light Cavalry
43:44 Onager
43:59 Hussar
45:16 Elite Ballista Elephant
46:54 Capped Ram
48:33 Iron Casting
48:18 Chain Barding Armor
49:47 Siege Ram
52:05 Blast Furnace
51:40 Plate Barding Armor
51:20 Leather Archer Armor
51:01 Bodkin Arrow
59:31 Ballistics
68:37 Bracer
69:08 Ring Archer Armor
68:38 Scale Mail Armor
Connection lost

Rejoining the realm…

Still unreachable

The connection could not be restored.

Session expired

The server has moved on; the page needs a fresh start.